AoeStats
← K10

MegaRandom

508743740Analyzed
3v3 RM · 8d ago on Sep 23, 2026· 93m 3s· 6 players
Game mode
Random Map
Map size
Normal (6 player)
Population
200
Speed
Normal
Resources
Standard
Victory
Conquest
Starting age
Dark Age
Ending age
Imperial Age
RankedLock teamsTeams togetherTeam positionsShared explorationLock speedFull tech treeHidden civsTurbo modeCheats
Victory
Defeat
🇨🇭 Danes · Switzerland
1055
+13
🇨🇭 Chinese · Switzerland
1050
+13
🇦🇺 Inca · Australia
911
+20
🇩🇪 Persians · Germany
1036
-17
🇹🇷 Jurchens · Türkiye
971
-15
🇩🇪 Shu · Germany
956
-14
Wurzelsepp
7:58 Loom
12:51 Feudal Age
13:34 Double-Bit Axe
13:33 Horse Collar
18:30 Castle Age
17:29 Fletching
19:32 Bow Saw
19:55 Crossbowman
20:39 Padded Archer Armor
23:07 Squires
24:28 Heavy Plow
25:36 Wheelbarrow
26:35 Town Watch
28:09 Ballistics
29:03 Masonry
29:17 Treadmill Crane
33:33 Imperial Age
31:40 Medium Warships
32:28 Hand Cart
33:03 Careening
33:56 Clinker Construction
34:56 Conscription
35:09 Siege Engineers
35:21 Thumb Ring
36:06 Bodkin Arrow
36:27 Leather Archer Armor
36:05 Arbalester
37:34 Gold Mining
39:34 Chemistry
39:03 Elite Skirmisher
41:30 Bracer
42:00 Ring Archer Armor
44:43 Dry Dock
45:07 Architecture
44:52 Bolt Magazine
45:48 Carvel Hull
46:25 Town Patrol
46:40 Scale Mail Armor
46:50 Forging
50:40 Chain Mail Armor
53:22 Plate Mail Armor
54:18 Shipwright
54:22 Elite White Feather Guard
55:04 Coiled Serpent Array
57:41 Hoardings
58:24 Arson
60:17 Light Cavalry
60:58 Husbandry
61:06 Scale Barding Armor
62:48 Heavy Hei Guang Cavalry
63:51 Chain Barding Armor
65:42 Plate Barding Armor
(Kush)Martinez
4:22 Loom
13:10 Feudal Age
16:58 Castle Age
20:33 Medium Warships
22:19 Double-Bit Axe
24:18 Wheelbarrow
27:38 Bow Saw
27:10 Horse Collar
27:44 Forging
34:32 Iron Casting
34:04 Scale Barding Armor
35:23 Crossbowman
36:08 Thumb Ring
38:04 Fletching
38:34 Chain Barding Armor
38:15 Scale Mail Armor
43:54 Imperial Age
43:37 Elite War Elephant
44:19 Kamandaran
46:59 Chemistry
49:26 Ballistics
66:59 Cavalier
67:51 Bloodlines
67:42 Husbandry
68:28 Savar
direwolf6431
0:30 Loom
13:56 Feudal Age
19:19 Castle Age
17:16 Fishing Lines
21:01 Husbandry
21:12 Bloodlines
23:09 Horse Collar
29:20 Double-Bit Axe
29:27 Gold Mining
36:47 Bow Saw
37:44 Heavy Plow
40:03 Gold Shaft Mining
39:22 Stone Mining
40:41 Stone Shaft Mining
40:53 Fortified Wall
44:21 Imperial Age
45:52 Wheelbarrow
45:00 Heavy Cavalry Archer
45:24 Elite Steppe Lancer
46:20 Fletching
46:31 Padded Archer Armor
48:39 Hand Cart
55:50 Town Watch
56:33 Elite Iron Pagoda
62:22 Conscription
63:18 Capped Ram
64:02 Siege Ram
68:25 Forging
68:10 Bodkin Arrow
68:31 Leather Archer Armor
68:16 Scale Mail Armor
68:22 Scale Barding Armor
68:07 Elite Fire Lancer
68:49 Squires
73:07 Iron Casting
72:33 Bracer
73:03 Ring Archer Armor
72:48 Chain Mail Armor
81:39 Light Cavalry
Dyragor
13:25 Feudal Age
14:08 Gold Mining
14:12 Stone Mining
14:09 Double-Bit Axe
14:10 Fishing Lines
14:26 Loom
17:50 Castle Age
20:08 Wheelbarrow
21:01 Gillnets
23:11 Medium Warships
25:01 Arson
29:13 Town Watch
34:44 Imperial Age
34:03 Hand Cart
34:48 Scale Mail Armor
34:58 Forging
37:00 Iron Casting
36:40 Chain Mail Armor
37:06 Conscription
37:32 Gold Shaft Mining
38:05 Caravan
38:55 Bow Saw
38:27 Horse Collar
39:46 Stone Shaft Mining
39:52 Squires
39:21 Elite Jomsviking
40:56 Heavy Plow
44:46 Blast Furnace
44:18 Plate Mail Armor
43:38 Fletching
44:18 Heavy Scorpion
52:46 Bodkin Arrow
53:16 Ballistics
53:56 Chemistry
53:02 Siege Engineers
53:08 Masonry
92:27 Spies/Treason
LittleNino
13:37 Feudal Age
11:55 Loom
17:43 Castle Age
16:05 Horse Collar
16:23 Fletching
16:34 Padded Archer Armor
16:32 Gold Mining
16:30 Double-Bit Axe
18:05 Wheelbarrow
17:17 Town Watch
19:34 Heavy Plow
19:47 Bow Saw
19:30 Stone Mining
24:12 Gold Shaft Mining
27:12 Stone Shaft Mining
29:11 Hand Cart
29:25 Pikeman
30:07 Squires
29:30 Pikeman
33:29 Imperial Age
31:20 Thumb Ring
30:47 Elite Skirmisher
37:05 Elite Chu Ko Nu
41:47 Crossbowman
42:25 Halberdier
45:38 Bodkin Arrow
45:59 Leather Archer Armor
46:11 Ballistics
47:36 Bracer
48:26 Ring Archer Armor
48:58 Chemistry
58:21 Conscription
90:37 Town Patrol
90:30 Spies/Treason
90:42 Sappers
K10
12:00 Feudal Age
11:33 Loom
17:13 Castle Age
16:42 Double-Bit Axe
16:40 Horse Collar
20:08 Wheelbarrow
22:14 Heavy Plow
24:32 Caravan
27:25 Hand Cart
26:56 Town Watch
27:56 Scale Mail Armor
28:07 Forging
27:47 Fletching
27:57 Padded Archer Armor
28:01 Squires
27:46 Arson
33:27 Imperial Age
31:53 Gold Mining
31:53 Stone Mining
32:14 Bow Saw
32:03 Bodkin Arrow
32:43 Iron Casting
32:23 Chain Mail Armor
32:24 Leather Archer Armor
33:13 Treadmill Crane
33:44 Masonry
33:18 Crossbowman
34:03 Thumb Ring
33:20 Pikeman
33:20 Champi Runner
35:14 Ballistics
35:54 Chemistry
34:52 Murder Holes
34:20 Elite Skirmisher
35:15 Bracer
37:20 Conscription
37:26 Conscription
37:55 Andean Sling
38:25 Crop Rotation
37:15 Champi Warrior
37:18 Champi Warrior
46:11 Heated Shot
47:41 Halberdier
52:00 Blast Furnace
51:15 Chain Mail Armor
51:31 Ring Archer Armor
50:27 Elite Champi Warrior
52:02 Guilds
55:02 Fabric Shields
55:58 Hoardings
59:06 Elite Kamayuk
60:12 Guard Tower
60:09 Arrowslits
65:17 Plate Mail Armor
75:41 Keep
77:26 Sanctity
77:17 Redemption
81:09 Town Patrol
81:25 Fortified Wall
81:22 Siege Engineers
81:30 Careening
81:30 Clinker Construction
81:41 Shipwright
88:14 Devotion
88:40 Illumination
88:30 Block Printing
88:10 Herbal Medicine
88:51 Theocracy
88:36 Heresy
88:40 Dry Dock
90:16 Faith
92:07 Spies/Treason
Connection lost

Rejoining the realm…

Still unreachable

The connection could not be restored.

Session expired

The server has moved on; the page needs a fresh start.